 Dungeon Crawl Stone Soup version 0.31-a0-236-g9a0961fb85 (webtiles) character file.

Game seed: 7165538179709126011

221 qw the Covered (level 5, -1/41 HPs)
             Began as a Minotaur Hexslinger on July 10, 2023.
             Killed from afar by Ijyb (8 damage)
             ... with a bolt of acid
             ... on level 3 of the Dungeon.
             The game lasted 00:00:31 (1667 turns).

qw the Covered (Minotaur Hexslinger)                Turns: 1667, Time: 00:00:32

Health: -1/41      AC: -1    Str: 13    XL:     5   Next: 65%
Magic:  5/5        EV: 11    Int: 10    God:
Gold:   151        SH:  0    Dex: 14    Spells: 5/6 levels left

rFire   . . .        Y - +2 sling
rCold   . . .        (no shield)
rNeg    . . .        j - +0 ring mail
rPois   .            (helmet restricted)
rElec   .            (no cloak)
rCorr   +            (no gloves)
SInv    .            (no boots)
Will    +....        (no amulet)
Stlth   +            a - ring of resist corrosion
HPRegen 0.26/turn    b - ring of willpower
MPRegen 0.09/turn

%: no passive effects
@: corroded
A: horns 2, retaliatory headbutt
a: no special abilities


You were on level 3 of the Dungeon.
You visited 1 branch of the dungeon, and saw 3 of its levels.

You collected 151 gold pieces.


Innate Abilities, Weirdness & Mutations

You have a pair of horns on your head.
You reflexively headbutt those who attack you in melee.


   Skills:
 - Level 2.0 Fighting
 + Level 4.2 Ranged Weapons
 - Level 5.0 Armour
 - Level 2.1 Dodging
 - Level 1.0 Spellcasting
 - Level 2.0 Hexes


You had 5 spell levels left.
You knew the following spells:

 Your Spells              Type           Power      Damage    Failure   Level
a - Slow                  Hex            16%        N/A       30%         1

Your spell library contained the following spells:

 Spells                   Type           Power      Damage    Failure   Level
 Inner Flame              Hex/Fire       2%         N/A       80%         3
 Portal Projectile        Hex/Tloc       4%         N/A       80%         3
 Cause Fear               Hex            2%         N/A       96%         4

Inventory:

Hand Weapons
 Y - a +2 sling (weapon)
Armour
 j - a +0 ring mail (worn)
Jewellery
 a - a ring of resist corrosion (left hand)
 b - a ring of willpower (right hand)
Potions
 d - a potion of curing
 e - a potion of enlightenment {unknown}
 i - 2 potions of might {unknown}

Dungeon Overview and Level Annotations

Branches:
Dungeon (3/15)

Altars:
Fedhas
Zin

Annotations:
D:3 Ijyb


Message History

Ijyb hits you but does no damage.
Ijyb zaps a wand.
The bolt of acid hits you! You resist. The acid corrodes you!
You shoot a sling bullet. The sling bullet hits Ijyb.
Ijyb is lightly wounded.
Ijyb completely misses you.
You shoot a sling bullet.
The sling bullet hits Ijyb but does no damage.
Ijyb is lightly wounded.
Ijyb hits you with a +0 dagger.
You shoot a sling bullet.
The sling bullet hits Ijyb but does no damage.
Ijyb is lightly wounded.
Ijyb hits you but does no damage.
You shoot a sling bullet. The sling bullet closely misses Ijyb.
Ijyb zaps a wand.
The bolt of acid hits you! You resist. The acid corrodes you!
Ijyb hits you with a +0 dagger.
You shoot a sling bullet.
The sling bullet hits Ijyb but does no damage.
Ijyb is lightly wounded.
Ijyb hits you with a +0 dagger.
You shoot a sling bullet. The sling bullet hits Ijyb.
Ijyb is lightly wounded.
Ijyb zaps a wand.
The bolt of acid misses you.
You shoot a sling bullet. The sling bullet hits Ijyb.
Ijyb is moderately wounded.
Ijyb hits you but does no damage.
You shoot a sling bullet. The sling bullet closely misses Ijyb.
Ijyb hits you with a +0 dagger.
Ijyb zaps a wand.
The bolt of acid hits you. You resist. The acid corrodes you!
You shoot a sling bullet. The sling bullet barely misses Ijyb.
Ijyb hits you with a +0 dagger.
You shoot a sling bullet.
The sling bullet hits Ijyb but does no damage.
Ijyb is moderately wounded.
Ijyb barely misses you.
You shoot a sling bullet. The sling bullet hits Ijyb.
Ijyb is moderately wounded.
Ijyb hits you with a +0 dagger.
Ijyb zaps a wand.
The bolt of acid hits you! You resist.
You die...

#############
#######......##...#
#.....@...##......#####
#.###g###.##.##........
#.#....$#.##.####..####
#.#.$.$.#.##.# ###..~~
#..#$$_$$#.##.# #.~..
#..#...$$#.##.< #.~.~
...#.....#!#... #.~~.
.#.#######.#... #.~~.
#.~~.


You could see Ijyb.

Vanquished Creatures
  Sigmund (D:3)
  2 adders
  A worm (D:2)
  3 dart slugs
  4 endoplasms
  A giant cockroach (D:3)
  2 goblins (D:2)
  4 jackals (D:1)
  A quokka (D:1)
  4 ball pythons
  2 bats
  A frilled lizard (D:2)
  6 kobolds
  5 rats
37 creatures vanquished.

Notes
Turn   | Place    | Note
-------+----------+-------------------------------------------
     0 | D:1      | qw the Minotaur Hexslinger began the quest for the Orb.
     0 | D:1      | Reached XP level 1. HP: 16/16 MP: 1/1
     0 | D:1      | 0 ||| qw: Version: 0.3-a-52-g30416fa
     0 | D:1      | 0 ||| qw: Game counter: 4681
     0 | D:1      | 0 ||| qw: Melee chars always use a shield: true
     0 | D:1      | 0 ||| qw: God list: Okawaru
     0 | D:1      | 0 ||| qw: Allow faded altars: false
     0 | D:1      | 0 ||| qw: Do Orc after clearing Dungeon:15 true
     0 | D:1      | 0 ||| qw: Do second Lair branch before Depths: true
     0 | D:1      | 0 ||| qw: Lair rune preference: random
     0 | D:1      | 0 ||| qw: Goals: Normal
     0 | D:1      | 0 ||| PLANNING D:1-11
   180 | D:1      | Reached skill level 3 in Ranged Weapons
   180 | D:1      | Reached XP level 2. HP: 9/23 MP: 2/2
   560 | D:1      | 560 ||| UPGRADING to +0 ring mail.
   570 | D:1      | 570 ||| DROPPING +0 robe.
   571 | D:1      | 571 ||| DROPPING amulet of magic regeneration.
   572 | D:1      | 572 ||| READING scroll labelled YNANOSOYNO.
   573 | D:1      | 573 ||| READING scroll labelled FUSUWUR QIYKHI.
   578 | D:1      | 578 ||| DROPPING scroll of poison.
   815 | D:2      | Found a faded altar of an unknown god.
   853 | D:2      | Reached XP level 3. HP: 9/29 MP: 3/3
  1317 | D:2      | 1317 ||| UPGRADING to ring of resist corrosion.
  1318 | D:2      | 1318 ||| UPGRADING to ring of willpower.
  1319 | D:2      | 1319 ||| DRINKING 2 white potions.
  1340 | D:3      | 1340 ||| PLANNING SEWER
  1370 | D:3      | Noticed Sigmund
  1378 | D:3      | HP: 3/29 [Sigmund/puff of flame (5)]
  1379 | D:3      | Killed Sigmund
  1380 | D:3      | Reached skill level 5 in Armour
  1380 | D:3      | Reached XP level 4. HP: 4/36 MP: 4/4
  1380 | D:3      | Reached XP level 5. HP: 5/41 MP: 5/5
  1623 | D:3      | Found a glowing silver altar of Zin.
  1648 | D:3      | Found a blossoming altar of Fedhas.
  1649 | D:3      | Noticed Ijyb
  1667 | D:3      | HP: 7/41 [Ijyb/+0 dagger (5)]
  1667 | D:3      | Killed from afar by Ijyb

Levels and vault maps discovered:
D:1:      lightli_arrival_chessboard, layout_loops_ring
D:2:      layout_loops_ring, basic_ecumenical_altar
D:3:      layout_loops_ring, mainiacjoe_overflow_paths, bloody_makhleb,
          nicolae_uskayaw_suspiria, amcnicky_altar_gilded,
          gup_sewer_entry_bubbles, hex_medium, serial_bayou_lagoon_a, uniq_ijyb,
          uniq_sigmund

Skill      XL: |  1  2  3 |
---------------+----------+-----
Ranged Weapons | 3 4 |  4.2
Fighting       | 2 |  2.0
Armour         | 5 |  5.0
Dodging        | |  2.1
Spellcasting   | |  1.0
Hexes          | |  2.0

Action                     |  1- 3 |  4- 6 || total
---------------------------+-------+-------++-------
   Fire: Sling             |    92 |    24 ||   116
    Use: Scroll            |     2 |       ||     2
         Potion            |     1 |       ||     1
 Armour: Robe              |     8 |       ||     8
         Ring mail         |    11 |     5 ||    16
  Dodge: Dodged            |    26 |     7 ||    33

Table legend:
 A = Non-vault XP
 B = Vault XP
 C = Vault XP percentage of total XP
 D = Non-vault monster count
 E = Vault monster count
 F = Vault count percentage of total count
                 A         B        C        D         E       F
            +---------+---------+-------+---------+---------+-------
      Total |      90 |     226 |  71.5 |      36 |       1 |   2.7
            +---------+---------+-------+---------+---------+-------
        D:1 |      22 |       0 |   0.0 |      12 |       0 |   0.0
        D:2 |      48 |       0 |   0.0 |      19 |       0 |   0.0
        D:3 |      20 |     226 |  91.9 |       5 |       1 |  16.7
            +---------+---------+-------+---------+---------+-------
